Description

uThermal's 3 base TvP timing, except you don't saturate your third. Instead, you cut SCVs and hit with a hard timing at 8 minutes, all while they think you were going for a macro game.

VOD

https://www.youtube.com/watch?v=ZTCTs5U3Q2I&ab_channel=uThermal

Replay - 2020-07-12 - (T)liquidthermy VS (P)SKillous

Build Order

Get SALT Encoding   

  12  0:01  SCV  
  13  0:13  SCV  
  14  0:16  Supply Depot  
  14  0:25  SCV  
  15  0:38  SCV  
  15  0:39  Barracks  
  16  0:43  Refinery  
  16  0:50  SCV  
  17  1:02  SCV  
  18  1:14  SCV  
  19  1:27  Orbital Command, Reaper  
  20  1:40  Command Center  
  20  1:51  Supply Depot  
  20  1:53  SCV  
  21  1:59  Marine  
  22  2:05  SCV  
  22  2:08  Factory  
  23  2:12  Refinery  
  23  2:17  SCV  
  23  2:21  Barracks Reactor  
  23  2:22  Bunker  
  25  2:52  Hellion, Orbital Command  
  25  2:53  Starport  
  25  2:57  Marine x2  
  31  3:13  Factory Tech Lab  
  31  3:15  Marine x2  
  35  3:33  Marine x2  
  38  3:36  Raven  
  38  3:38  Factory Tech Lab  
  38  3:39  Supply Depot  
  43  3:51  Marine x2  
  44  4:01  Siege Tank  
  44  4:02  Supply Depot  
  50  4:11  Command Center  
  50  4:12  Marine  
  52  4:22  Barracks x2  
  55  4:34  Supply Depot  
  55  4:37  Siege Tank  
  62  4:52  Engineering Bay x2  
  66  5:07  Barracks x2  
  66  5:12  Stimpack  
  66  5:13  Marauder  
  69  5:15  Factory Reactor  
  69  5:16  Refinery x2  
  69  5:18  Starport Reactor  
  70  5:25  Orbital Command  
  72  5:35  Marauder x2  
  77  5:42  Terran Infantry Weapons Level 1  
  79  5:45  Terran Infantry Armor Level 1  Stop building SCVs
  79  5:55  Barracks Reactor, Barracks Tech Lab  
  79  5:56  Marauder x2, Orbital Command  
  83  6:00  Widow Mine x2  
  87  6:10  Medivac  
  90  6:18  Medivac  
  90  6:23  Marauder x2  
  96  6:28  Widow Mine x2  
  103  6:37  Combat Shield  
  109  6:49  Concussive Shells  
  109  6:50  Widow Mine x2  
  114  6:55  Medivac  
  118  7:02  Marauder x3  
  125  7:14  Widow Mine x2  
  132  7:17  Medivac  
  142  7:34  Medivac  
  147  7:37  Widow Mine  
  149  7:48  Medivac  
  149  7:49  Widow Mine  
Spawning Tool Build Advisor. Get it on Overwolf

Go to:

Details

  • Created by: Fann
  • Published on: Jan 09, 2021
  • Modified on: Jan 10, 2021
  • Patch: 4.11.0
  • Difficulty: Medium
Show
View Real Time Build Order
Export as new Build Order

Comments (0)

There are no comments. Be the first!

Create an account to comment!